 Dungeon Crawl Stone Soup version 0.22-a0-833-g8522bf8 (webtiles) character file.

56 theanonym the Chopper (level 3, -1/28 HPs)
             Began as a Mummy Warper on July 25, 2018.
             Slain by a hobgoblin (5 damage)
             ... on level 2 of the Dungeon.
             The game lasted 00:01:35 (1231 turns).

theanonym the Chopper (Mummy Warper)                Turns: 1231, Time: 00:01:36

Health: -1/28      AC:  7    Str: 15    XL:     3   Next: 69%
Magic:  7/7        EV: 11    Int: 12    God:
Gold:   44         SH:  0    Dex: 11    Spells: 7/7 levels left

rFire    x . .     SeeInvis .   a - +0 hand axe
rCold    + . .     Gourm    .   (no shield)
rNeg     + + +     Faith    .   b - +0 leather armour
rPois    ∞         Spirit   .   (no helmet)
rElec    .         Reflect  .   (no cloak)
rCorr    .         Harm     .   d - +0 pair of gloves (curse)
MR       .....                  f - +2 pair of boots
Stlth    +.........             (no amulet)
HPRegen  0.09/turn              (no ring)
MPRegen  0.10/turn              (no ring)

@: no status effects
A: no food or potions, fire vulnerability, cold resistance 1, negative energy
resistance 3, torment resistance, unbreathing
a: no special abilities


Innate Abilities, Weirdness & Mutations

You do not eat or drink.
Your flesh is vulnerable to fire.
You are immune to poison.
Your flesh is cold resistant. (rC+)
You are immune to negative energy. (rN+++)
You are immune to unholy pain and torment.
You can survive without breathing.


   Skills:
 + Level 2.8 Fighting
 * Level 2.9 Axes
 - Level 0.7 Throwing
 - Level 0.7 Armour
 - Level 1.5 Dodging
 - Level 2.6 Spellcasting
   Level 2.4 Translocations


You had 7 spell levels left.
You didn't know any spells.
Your spell library contained the following spells:

 Spells                   Type           Power        Failure   Level  Hunger
 Teleport Other           Tloc           #.......     34%         3    N/A
 Blink                    Tloc           N/A          17%         2    N/A
 Passage of Golubria      Tloc           N/A          75%         4    N/A
 Shroud of Golubria       Chrm/Tloc      #.........   28%         2    N/A
 Gell's Gravitas          Tloc           #.........   34%         3    N/A
 Lesser Beckoning         Tloc           #.........   34%         3    N/A

Skill      XL: |  1 |
---------------+----+-----
Axes           | 2 |  2.9
Fighting       | |  2.8
Throwing       | |  0.7
Armour         | |  0.7
Dodging        | |  1.5
Spellcasting   | |  2.6
Translocations | |  2.4

Action                   || total
-------------------------++-------
Melee: Hand axe          ||    96
Throw: Tomahawk          ||     2
Armor: Leather armour    ||    44
Dodge: Dodged            ||    95

Inventory:

Hand Weapons
 a - a +0 hand axe (weapon)
Missiles
 e - 3 tomahawks of dispersal (quivered)
Armour
 b - a +0 leather armour (worn)
 d - a cursed +0 pair of gloves (worn)
   (You found it on level 1 of the Dungeon)
 f - a +2 pair of boots (worn)
   (You found it on level 1 of the Dungeon)
Scrolls
 c - a scroll of noise {unknown}
 g - a scroll of identify {unknown}
 h - a scroll of enchant armour {unknown}
 i - 2 scrolls of enchant weapon {unknown}
 B - a scroll of blinking


You were on level 2 of the Dungeon.
You were not hungry.

You visited 1 branch of the dungeon, and saw 2 of its levels.

You collected 44 gold pieces.

Dungeon Overview and Level Annotations

Branches:
Dungeon (2/15)

Altars:

.....##.......#.#.#.##.##
.#
......).......#g.........
##
....##.########..#.....#
# #..## ##.......#
##..#### ##.........
##....###<..........##
#.....w...............
#....g..O.............
#....@g..........#.#.#
#..................#.#
#.....................
#.........####.#.#....
#.........#..#.#......
#...........##.##.....
#.....................
########.....#..#.....
#...###..........


You could see an ogre, a worm and 2 hobgoblins.

Notes
Turn   | Place    | Note
-------+----------+-------------------------------------------
     0 | D:1      | theanonym the Mummy Warper began the quest for the Orb.
     0 | D:1      | Reached XP level 1. HP: 16/16 MP: 4/4
   202 | D:1      | Reached skill level 2 in Axes
   202 | D:1      | Reached XP level 2. HP: 14/22 MP: 5/5
   897 | D:2      | Reached XP level 3. HP: 16/28 MP: 7/7
   897 | D:2      | HP: 13/28 [rat (3)]
   906 | D:1      | HP: 13/28 [adder (1)]
  1164 | D:2      | Noticed an ogre
  1226 | D:2      | HP: 4/28 [ogre/giant spiked club (24)]
  1231 | D:2      | Slain by a hobgoblin

Vanquished Creatures
  2 adders
  An ooze (D:2)
  2 dart slugs (D:1)
  2 leopard geckos
  4 bats (D:1)
  A giant cockroach (D:2)
  5 goblins
  3 hobgoblins (D:1)
  2 kobolds (D:1)
  3 frilled lizards
  3 rats
28 creatures vanquished.

Table legend:
 A = Turns spent in this place as a percentage of turns spent in the entire game.
 B = Non-inter-level travel turns spent in this place as a percentage of non-inter-level travel turns spent in the entire game.
 C = Inter-level travel turns spent in this place as a percentage of turns spent in this place.
 D = Turns resting spent in this place as a percentage of non-inter-level travel turns spent in this place.
 E = Turns spent auto-exploring this place as a percentage of non-inter-level travel turns spent in this place.
 F = Non-inter-level travel turns spent in this place divided by the number of levels of this place that you've seen.
                   A       B       C       D       E      F
               +-------+-------+-------+-------+-------+----------------------
         Total | 100.0 | 100.0 |   1.1 |  31.3 |  47.7 | 609.0
       Dungeon | 100.0 | 100.0 |   1.1 |  31.3 |  47.7 | 609.0
               +-------+-------+-------+-------+-------+----------------------
